 Dungeon Crawl Stone Soup version 0.23.2-1-ga50397a (webtiles) character file.

Game seed: 7803115566498005872

18002 shadizar the Fighter (level 12, -10/77 HPs)
             Began as a Gargoyle Fighter on May 25, 2019.
             Was a Believer of the Shining One.
             Mangled by a freezing wraith (23 damage)
             ... on level 3 of the Lair of Beasts.
             The game lasted 00:18:34 (11412 turns).

shadizar the Fighter (Gargoyle Fighter)            Turns: 11412, Time: 00:18:34

Health: -10/77     AC: 24    Str: 26    XL:     12   Next: 53%
Magic:  16/16      EV: 16    Int:  8    God:    the Shining One [**....]
Gold:   695        SH: 21    Dex: 14    Spells: 11/11 levels left

rFire    . . .     SeeInvis .   d - +4 flail (holy)
rCold    . . .     Gourm    .   c - +0 shield
rNeg     + + .     Faith    .   C - +0 chain mail
rPois    ∞         Spirit   .   G - +0 helmet
rElec    +         Reflect  .   w - +0 cloak
rCorr    .         Harm     .   (no gloves)
MR       .....                  L - +0 pair of boots
Stlth    ..........             (no amulet)
HPRegen  0.22/turn              (no ring)
MPRegen  0.15/turn              l - ring of flight

@: agile, divine shield, glowing
A: negative energy resistance 1, electricity resistance, unbreathing,
petrification resistance, rot immunity, AC +8
a: Divine Shield, Renounce Religion, Evoke Flight


You were on level 3 of the Lair of Beasts.
You worshipped the Shining One.
The Shining One was pleased with you.
You were not hungry.

You visited 3 branches of the dungeon, and saw 13 of its levels.

You collected 695 gold pieces.

Inventory:

Hand Weapons
 d - a +4 flail of holy wrath (weapon)
 k - a +1 hunting sling of flaming
 y - a +4 scimitar of slicing
 B - a +2 whip of freezing
Armour
 c - a +0 shield (worn)
 w - a +0 cloak (worn)
 A - a +3 leather armour of fire resistance
 C - a +0 chain mail (worn)
 G - a +0 helmet (worn)
 L - a +0 pair of boots (worn)
Jewellery
 l - a ring of flight (right hand)
 M - an uncursed amulet of harm {unknown}
Wands
 z - a wand of flame (7)
 J - a wand of polymorph (4)
 N - a wand of enslavement (9)
Scrolls
 b - 2 scrolls of fear {unknown}
 h - 5 scrolls of remove curse
 i - 2 scrolls of amnesia {unknown}
 j - a scroll of enchant weapon {unknown}
 n - 22 scrolls of identify {unknown}
 o - 2 scrolls of enchant armour {unknown}
 q - 6 scrolls of teleportation {unknown}
 t - 2 scrolls of fog {unknown}
 u - 3 scrolls of random uselessness {unknown}
 v - 4 scrolls of immolation {unknown}
 E - 2 scrolls of blinking {unknown}
 F - a scroll of vulnerability {unknown}
 H - a scroll of magic mapping {unknown}
 K - a scroll of noise {unknown}
Potions
 a - a potion of magic {unknown}
 g - 4 potions of brilliance {unknown}
 m - a potion of berserk rage {unknown}
 p - 2 potions of heal wounds {unknown}
 r - a potion of haste {unknown}
 s - a potion of ambrosia {unknown}
 x - 3 potions of curing {unknown}
 D - a potion of flight {unknown}
 I - 2 potions of cancellation {unknown}
 O - a potion of mutation {unknown}
Comestibles
 f - 23 rations


   Skills:
 * Level 10.3 Fighting
 + Level 8.6 Maces & Flails
 + Level 9.6 Armour
 + Level 7.0 Dodging
 + Level 9.7 Shields
 + Level 6.6 Invocations
 - Level 4.0 Evocations


You had 11 spell levels left.
You didn't know any spells.
Your spell library contained the following spells:

 Spells                   Type           Power        Failure   Level  Hunger
 Bolt of Magma            Conj/Fire/Erth #.........   100%        5    ######.
 Iskenderun's Battlesphe  Conj/Chrm      #.......     100%        5    ######.
 Venom Bolt               Conj/Pois      #.........   100%        5    ######.
 Iron Shot                Conj/Erth      #.........   100%        6    #######
 Orb of Destruction       Conj           #.........   100%        7    #######
 Spellforged Servitor     Conj/Summ      #.........   100%        7    #######


Dungeon Overview and Level Annotations

Branches:
Dungeon (8/15)             Temple (1/1) D:4            Lair (4/6) D:8
 Spider (0/4) Lair:2
  Swamp: Lair:2-4    Shoals: Lair:2-4

Altars:
Ashenzari
Cheibriados
Dithmenos
Elyvilon
Fedhas
Gozag
Hepliaklqana
Makhleb
Nemelex Xobeh
Okawaru
Ru
Trog
Vehumet
Wu Jian
Xom
Yredelemnul
Zin
The Shining One


Innate Abilities, Weirdness & Mutations

You are resistant to torment.
Your stone body is resilient. (AC +8)
You are immune to poison.
You resist negative energy. (rN+)
You are resistant to electric shocks. (rElec)
You can survive without breathing.
You are immune to petrification.
You are immune to rotting.


Message History

You feel agile all of a sudden.
The ice beast hits you but does no damage.
The freezing wraith misses you. You block the freezing wraith's attack.
Unknown command.
Unknown command.
Unknown command.
You hit the ice beast.
The ice beast is severely wounded.
The ice beast hits you but does no damage.
You block the freezing wraith's attack. x2
You hit the ice beast but do no damage.
The ice beast is severely wounded.
You block the ice beast's attack. You block the freezing wraith's attack.
The freezing wraith misses you.
You hit the ice beast but do no damage.
The ice beast is severely wounded.
You block the ice beast's attack. The freezing wraith hits you.
* * * LOW HITPOINT WARNING * * *
The freezing wraith freezes you!!
You die...

#............... #P..............
##..............
###.>............ ### ####
##................
#####.###..####...#P.#......<...
##.................######........
..........#.###W##..# #####.##.
##..##P#######.#@YY.## ####.
#.###### ######..## ## #..###
##...#### ##..P## #.......## #
#.....# ##.......## ## #....###
#.........#####. #......#
##..<.......##.## .......###
#.............#.. .........#
##............#..


You could see a freezing wraith, an ice beast and a dream sheep.

Vanquished Creatures
  2 hydras (Lair:3)
  4 black mambas
  4 spiny frogs
  A rime drake (D:8)
  4 komodo dragons
  A jumping spider (Lair:2)
  A queen bee (Lair:1)
  2 polar bears (Lair:3)
  5 hippogriffs
  6 dream sheep
  3 blink frogs (Lair:2)
  3 redbacks (Lair:2)
  A wyvern (D:8)
  14 yaks
  A basilisk (Lair:2)
  Edmund (D:4)
  4 water moccasins
  2 sky beasts (D:7)
  5 porcupines
  2 black bears
  3 phantoms
  6 ice beasts
  An ogre (D:8)
  A necrophage (D:2)
  9 wolves
  2 centaurs
  4 crocodiles
  7 bullfrogs
  Blork the orc (D:4)
  2 scorpions
  27 killer bees
  4 wights (D:7)
  3 howler monkeys (D:7)
  2 vampire bats (Lair:2)
  2 crimson imps (D:8)
  A bullfrog zombie (D:7)
  4 hounds
  A centaur skeleton (D:4)
  5 orc wizards
  Ijyb (D:4)
  9 iguanas
  Natasha (thrice) (D:2)
  9 worker ants
  A hound skeleton (D:7)
  7 adders
  A howler monkey skeleton (D:8)
  An ooze (D:4)
  An adder zombie (D:5)
  6 worms
  3 dart slugs (D:1)
  7 leopard geckos
  14 orcs
  A ball python (D:4)
  14 bats
  6 giant cockroaches
  8 goblins
  10 hobgoblins
  7 jackals
  2 quokkas
  5 frilled lizards
  A jackal skeleton (D:7)
  9 kobolds
  A quokka zombie (D:5)
  4 rats
  A butterfly (Lair:2)
283 creatures vanquished.

Vanquished Creatures (others)
  3 fungi
  A plant (D:8)
4 creatures vanquished.

Grand Total: 287 creatures vanquished

Notes
Turn   | Place    | Note
-------+----------+-------------------------------------------
     0 | D:1      | shadizar the Gargoyle Fighter began the quest for the Orb.
     0 | D:1      | Reached XP level 1. HP: 14/14 MP: 1/1
   124 | D:1      | Reached XP level 2. HP: 19/19 MP: 2/2
   271 | D:1      | Reached XP level 3. HP: 23/23 MP: 3/3
   721 | D:2      | Reached skill level 1 in Dodging
   760 | D:2      | Reached XP level 4. HP: 23/29 MP: 4/4
   923 | D:2      | Noticed Natasha
   948 | D:2      | Killed Natasha
  1012 | D:2      | Noticed Natasha
  1309 | D:2      | Killed Natasha
  1309 | D:2      | Reached skill level 4 in Fighting
  1309 | D:2      | Reached XP level 5. HP: 26/33 MP: 5/5
  1355 | D:2      | Noticed a necrophage
  1364 | D:2      | Killed a necrophage
  1364 | D:2      | Reached XP level 6. HP: 29/38 MP: 6/6
  1424 | D:2      | Noticed Natasha
  1428 | D:2      | Killed Natasha
  1555 | D:3      | Found an opulent altar of Gozag.
  1833 | D:4      | Noticed Blork the orc
  2502 | D:4      | Found a shattered altar of Ashenzari.
  2574 | D:4      | Found a staircase to the Ecumenical Temple.
  2588 | Temple   | Entered the Ecumenical Temple
  2863 | D:4      | Noticed Edmund
  2877 | D:4      | Killed Edmund
  2877 | D:4      | Reached XP level 7. HP: 38/44 MP: 7/7
  3096 | D:4      | Killed Blork the orc
  3096 | D:4      | Reached skill level 5 in Shields
  3160 | D:4      | Reached skill level 5 in Fighting
  3160 | D:4      | Reached skill level 5 in Armour
  3196 | D:4      | Noticed Ijyb
  3206 | D:4      | Killed Ijyb
  3334 | D:5      | Entered Level 5 of the Dungeon
  3382 | D:5      | Reached XP level 8. HP: 38/49 MP: 8/8
  3526 | D:5      | Got an iridescent falchion
  3559 | D:5      | Found a glowing golden altar of the Shining One.
  3561 | D:5      | Found a sacrificial altar of Ru.
  3577 | D:5      | Found a shadowy altar of Dithmenos.
  3583 | D:5      | Became a worshipper of the Shining One
  3870 | D:5      | Identified the cursed +1 falchion of Ihonerog {flame, rN+
                  | Stlth+} (You found it on level 5 of the Dungeon)
  4127 | D:6      | Reached skill level 6 in Fighting
  4432 | D:7      | Reached skill level 5 in Maces & Flails
  4465 | D:7      | Reached XP level 9. HP: 40/55 MP: 9/9
  4701 | D:7      | Reached * piety under the Shining One
  5095 | D:8      | Found a staircase to the Lair.
  5113 | D:8      | Reached skill level 7 in Fighting
  5122 | D:8      | Reached skill level 1 in Invocations
  5143 | D:8      | Reached skill level 5 in Dodging
  5147 | D:8      | Reached XP level 10. HP: 49/63 MP: 11/11
  5292 | D:8      | Reached skill level 1 in Evocations
  5867 | D:8      | Reached ** piety under the Shining One
  6015 | Lair:1   | Entered Level 1 of the Lair of Beasts
  6033 | D:8      | Reached skill level 8 in Fighting
  6259 | Lair:1   | Noticed a black mamba
  6267 | Lair:1   | Killed a black mamba
  6566 | Lair:1   | Noticed a spiny frog
  6574 | Lair:1   | Killed a spiny frog
  6574 | Lair:1   | Reached XP level 11. HP: 59/69 MP: 14/14
  7530 | Lair:2   | Reached skill level 5 in Invocations
  8040 | Lair:2   | Reached skill level 9 in Fighting
  8524 | Lair:2   | Found a hole to the Spider Nest.
  9396 | Lair:3   | Reached *** piety under the Shining One
  9578 | Lair:3   | Noticed a seven-headed hydra
  9584 | Lair:3   | Killed a seven-headed hydra
  9584 | Lair:3   | Reached XP level 12. HP: 54/76 MP: 16/16
 10115 | Lair:3   | Noticed a seven-headed hydra
 10124 | Lair:3   | Killed a seven-headed hydra
 10800 | Lair:3   | Reached skill level 10 in Fighting
 11412 | Lair:3   | Mangled by a freezing wraith

Skill      XL: |  1  2  3  4  5  6  7  8  9 10 11 12 |
---------------+-------------------------------------+-----
Dodging        | 1 2 3 4 5 6 7 |  7.0
Fighting       | 4 5 6 7 8 9 10 | 10.3
Armour         | 4 5 6 7 8 9 |  9.6
Shields        | 4 5 6 7 8 9 |  9.7
Maces & Flails | 3 4 5 6 7 8 |  8.6
Invocations    | 2 4 5 6 |  6.6
Evocations     | 2 4 |  4.0

Action                   |  1- 3 |  4- 6 |  7- 9 | 10-12 || total
-------------------------+-------+-------+-------+-------++-------
Melee: Flail             |   139 |   244 |   273 |   643 ||  1299
Invok: Divine Shield     |       |       |       |     7 ||     7
Evoke: Wand              |       |       |       |     6 ||     6
  Use: Potion            |       |     1 |     1 |     1 ||     3
       Scroll            |       |       |     2 |       ||     2
  Eat: Chunk             |       |     3 |     8 |    15 ||    26
       Ration            |       |     1 |       |     2 ||     3
Armor: Scale mail        |   117 |   162 |    59 |       ||   338
       Chain mail        |       |       |    53 |   403 ||   456
Dodge: Dodged            |    68 |    94 |    87 |   297 ||   546
Block: Shield            |    88 |   149 |   131 |   564 ||   932
